 Dungeon Crawl Stone Soup version 0.17-a0-1485-g22cb0ee (webtiles) character file.

35 Fluffy the Skirmisher (level 3, -1/24 HPs)
             Began as a Gargoyle Fighter on July 5, 2015.
             Killed from afar by Sigmund (6 damage)
             ... with a puff of flame
             ... on level 2 of the Dungeon.
             The game lasted 00:01:37 (551 turns).

Fluffy the Skirmisher (Gargoyle Fighter)             Turns: 551, Time: 00:01:38

Health: -1/24      AC: 12    Str: 19    XL:     3   Next: 35%
Magic:  3/3        EV:  7    Int: 11    God:
Gold:   54         SH:  9    Dex: 10    Spells: 0 memorised, 2 levels left

rFire  . . .     SeeInvis .     a - +0 flail
rCold  . . .     Clarity  .     b - +0 scale mail
rNeg   + . .     SustAt   .     c - +0 shield
rPois  ∞         Gourm    .     (no helmet)
rElec  +         Spirit   .     (no cloak)
rCorr  .         Warding  .     k - +0 pair of gloves
rMut   .         Stasis   .     i - +0 pair of boots
MR     .....                    (no amulet)
Stlth  ..........               (no ring)
                                m - +3 ring of intelligence

@: not resistant to hostile enchantments, extremely unstealthy
A: negative energy resistance 1, electricity resistance, unbreathing,
petrification resistance, rot immunity, AC +3
a: no special abilities


You were on level 2 of the Dungeon.
You were not hungry.

You visited 1 branch of the dungeon, and saw 2 of its levels.

You collected 54 gold pieces.

Inventory:

Hand weapons
 a - a +0 flail (weapon)
Armour
 b - a +0 scale mail (worn)
 c - a +0 shield (worn)
 i - a +0 pair of boots (worn)
 k - a +0 pair of gloves (worn)
Jewellery
 m - a +3 ring of intelligence (left hand)
Scrolls
 f - a scroll of remove curse {unknown}
 h - a scroll of enchant weapon {unknown}
 n - a scroll of immolation {unknown}
 o - 2 scrolls of teleportation {unknown}
 p - a scroll of magic mapping {unknown}
Potions
 d - a potion of might
 g - a potion of heal wounds {unknown}
 j - a potion of ambrosia {unknown}
 l - a potion of resistance {unknown}
 q - a potion of degeneration {unknown}
Comestibles
 e - 2 bread rations


   Skills:
 + Level 3.7 Fighting
 + Level 2.5 Maces & Flails
 + Level 3.6 Armour
 + Level 3.6 Shields


You had 2 spell levels left.
You didn't know any spells.

Dungeon Overview and Level Annotations

Branches:
Dungeon (2/15)

Altars:

Annotations:
D:2 Jessica, Sigmund


Innate Abilities, Weirdness & Mutations

You are resistant to torment.
Your stone body is resilient (AC +3).
You are immune to poison.
You resist negative energy.
You are resistant to electric shocks.
You can survive without breathing.
You are immune to petrification.
You are immune to rotting.


Message History

Sigmund moves out of view.
The giant cockroach bites you but does no damage.
You hit the giant cockroach.
You kill the giant cockroach!
Sigmund zaps a wand.
You block the puff of frost.
It is a wand of frost.
Sigmund zaps a wand.
The puff of frost hits you!
Sigmund hits you from afar with a scythe!
Sigmund casts a spell at you. The magic dart hits you!
You closely miss Sigmund.
Sigmund zaps a wand.
The puff of frost hits you!
Your shield and scale mail prevent you from hitting Sigmund.
Jessica hits you but does no damage.
Sigmund zaps a wand.
The puff of frost hits you! Jessica barely misses you.
Sigmund zaps a wand.
The puff of frost hits you!
* * * LOW HITPOINT WARNING * * *
Jessica gestures wildly while chanting.
Jessica blinks!
Sigmund gestures at you while chanting. The puff of flame hits you!
You die...

## .# ##..#.# #..#..##
#......# ... #......#
.....# #......# .....#
#..<..># .....#
##......#
##(..####..@....# .
##@..............#
..###...##..##.......#
$.......###.@........#
.......# #..####...###
####...###..# #.###
#.#......# #.#
#.#.##.#.# ##.#
..#.#.##...# #..#


You could see Sigmund.

Vanquished Creatures
  A worm (D:2)
  2 giant geckos (D:1)
  2 bats (D:1)
  3 giant cockroaches
  3 goblins
  6 hobgoblins
  2 jackals (D:1)
  4 kobolds (D:1)
  2 giant newts (D:1)
  5 rats
30 creatures vanquished.

Notes
Turn   | Place    | Note
--------------------------------------------------------------
     0 | D:1      | Fluffy the Gargoyle Fighter began the quest for the Orb.
     0 | D:1      | Reached XP level 1. HP: 14/14 MP: 1/1
    69 | D:1      | Reached XP level 2. HP: 19/19 MP: 2/2
   319 | D:1      | Reached XP level 3. HP: 23/23 MP: 3/3
   528 | D:2      | Noticed Jessica
   529 | D:2      | Noticed Sigmund
   551 | D:2      | Killed from afar by Sigmund

Vault maps used:
D:1:      dpeg_arrival_renting
D:2:      first_bread, minmay_bisected, uniq_crazy_yiuf_cottage, uniq_sigmund,
          uniq_jessica

Action                   || total
-------------------------++-------
Melee: Flail             ||   117
